 Dungeon Crawl Stone Soup version 0.22-a0-117-g314b907 (webtiles) character file.

271 tbh1313 the Cudgeler (level 6, 0/37 HPs)
             Began as a Gargoyle Monk on Jan 29, 2018.
             Slain by a gnoll
             ... wielding a +0 halberd
              (7 damage)
             ... on level 3 of the Dungeon.
             The game lasted 00:05:27 (3099 turns).

tbh1313 the Cudgeler (Gargoyle Monk)                Turns: 3099, Time: 00:05:28

Health: 0/37       AC:  6    Str: 17    XL:     6   Next: 23%
Magic:  6/6        EV: 12    Int: 10    God:
Gold:   166        SH:  0    Dex: 12    Spells: 5/5 levels left

rFire    . . .     SeeInvis .   a - +0 mace
rCold    . . .     Gourm    .   (no shield)
rNeg     + . .     Faith    .   b - +0 robe
rPois    ∞         Spirit   .   (no helmet)
rElec    +         Reflect  .   (no cloak)
rCorr    .         Harm     .   (no gloves)
MR       .....                  (no boots)
Stlth    ++........             (no amulet)
HPRegen  0.12/turn              (no ring)
MPRegen  0.10/turn              (no ring)

@: no status effects
A: negative energy resistance 1, electricity resistance, unbreathing,
petrification resistance, rot immunity, AC +4
a: no special abilities


You were on level 3 of the Dungeon.
You were not hungry.

You visited 1 branch of the dungeon, and saw 3 of its levels.

You collected 166 gold pieces.

Inventory:

Hand Weapons
 a - a +0 mace (weapon)
Armour
 b - a +0 robe (worn)
 f - a +0 chain mail
 i - a +0 chain mail
Jewellery
 j - an uncursed ring of fire
Scrolls
 d - 4 scrolls of identify {unknown}
 e - a scroll of random uselessness {unknown}
 g - a scroll of fear {unknown}
 h - 3 scrolls of enchant weapon {unknown}
 k - 2 scrolls of immolation {unknown}
 n - 2 scrolls of teleportation {unknown}
 o - a scroll of magic mapping {unknown}
 p - a scroll of fog {unknown}
 r - a scroll of enchant armour {unknown}
Potions
 l - a potion of brilliance {unknown}
 m - a potion of berserk rage {unknown}
 s - a potion of haste {unknown}
Books
 q - a book of Misfortune

   Spells                             Type                      Level
   a - Confusing Touch                Hexes                        1
   b - Confuse                        Hexes                        3
   c - Gell's Gravitas                Translocation                3
   d - Petrify                        Transmutation/Earth          4
   e - Metabolic Englaciation         Hexes/Ice                    5
   f - Yara's Violent Unravelling     Hexes/Transmutation          5
Comestibles
 c - 5 rations


   Skills:
 - Level 3.2 Fighting
 + Level 6.8 Maces & Flails
 - Level 2.4 Dodging
 - Level 2.1 Stealth


You had 5 spell levels left.
You didn't know any spells.

Dungeon Overview and Level Annotations

Branches:
Dungeon (3/15)

Altars:
Gozag


Innate Abilities, Weirdness & Mutations

You are resistant to torment.
Your stone body is resilient. (AC +4)
You are immune to poison.
You resist negative energy. (rN+)
You are resistant to electric shocks. (rElec)
You can survive without breathing.
You are immune to petrification.
You are immune to rotting.


Message History

You hit the kobold but do no damage.
The kobold is heavily wounded.
The kobold misses you. The gnoll closely misses you.
You hit the kobold.
You kill the kobold!
The gnoll closely misses you. The gnoll misses you.
You barely miss the gnoll. You hit the gnoll.
The gnoll is lightly wounded.
The gnoll hits you with a halberd!
* * * LOW HITPOINT WARNING * * *
You hit the gnoll.
The gnoll is moderately wounded.
The gnoll hits you with a halberd.
* * * LOW HITPOINT WARNING * * *
You barely miss the gnoll.
The gnoll is lightly wounded.
The gnoll hits you with a halberd!
You die...

#........####.....#####.#.....
#.............##### ###.######
#.............## ##...# #.÷
##########..###..#####..######.#
#..........## ##...<.ggg..K....#
#..........# #..#####.########
##..........# #.>#####.# #
............#####g...#...# #
.#..........#.))@.##...### #
.P♣...........#######..#### #
≈♣♣♣.............K.....)..# #
≈♣♣♣.....)..###..########># #
≈P♣.........##...### #.# .
.P♣♣♣♣♣##..##..#...### #.# .
≈.♣♣.≈P...##..####...## #.# #.
...≈≈≈.......## ###..###.#### ##
≈≈♣♣♣♣≈)..#### ##........#


You could see a gnoll.

Vanquished Creatures
  A howler monkey (D:3)
  Jessica (D:2)
  A hound skeleton (D:3)
  Robin (D:2)
  7 adders
  3 gnolls (D:3)
  An ooze (D:2)
  2 worms
  A leopard gecko (D:3)
  4 bats
  2 giant cockroaches (D:2)
  14 hobgoblins
  2 jackals (D:1)
  2 quokkas
  2 ball pythons
  8 frilled lizards
  20 goblins
  5 kobolds
  11 rats
88 creatures vanquished.

Notes
Turn   | Place    | Note
-------+----------+-------------------------------------------
     0 | D:1      | tbh1313 the Gargoyle Monk began the quest for the Orb.
     0 | D:1      | Reached XP level 1. HP: 14/14 MP: 1/1
   276 | D:1      | Reached XP level 2. HP: 19/19 MP: 2/2
   841 | D:1      | Reached skill level 4 in Maces & Flails
   899 | D:1      | Reached XP level 3. HP: 22/23 MP: 3/3
  1162 | D:2      | Noticed Robin
  1192 | D:2      | Killed Robin
  1192 | D:2      | Reached XP level 4. HP: 11/28 MP: 4/4
  1561 | D:2      | Noticed Jessica
  1567 | D:2      | Killed Jessica
  1567 | D:2      | Reached skill level 5 in Maces & Flails
  1914 | D:2      | Reached XP level 5. HP: 25/32 MP: 5/5
  2488 | D:3      | Reached skill level 6 in Maces & Flails
  2566 | D:3      | Found an opulent altar of Gozag.
  2669 | D:3      | Reached XP level 6. HP: 16/37 MP: 6/6
  3099 | D:3      | Slain by a gnoll

Vault maps used:
D:1:      lightli_arrival_noodles, roderic_serpentine_path, serial_bayou_pond_b,
          minivault_24
D:2:      serial_bayou, serial_bayou_shore_b, serial_bayou_shore_b,
          serial_bayou_shore_b, serial_bayou_shore_b, serial_bayou_lagoon_a,
          serial_bayou_pond_d, uniq_jessica, uniq_robin
D:3:      nicolae_gozag_seed_capital, serial_bayou_crossing

Skill      XL: |  1  2  3  4  5 |
---------------+----------------+-----
Maces & Flails | 4 5 6 |  6.8
Fighting       | |  3.2
Dodging        | |  2.4
Stealth        | |  2.1

Action                   |  1- 3 |  4- 6 || total
-------------------------+-------+-------++-------
Melee: Mace              |   120 |   185 ||   305
 Stab: Sleeping          |     2 |     3 ||     5
  Eat: Chunk             |       |     6 ||     6
       Ration            |       |     1 ||     1
Armor: Robe              |    47 |    59 ||   106
Dodge: Dodged            |   107 |   138 ||   245

Table legend:
 A = Spawn XP
 B = Non-spawn XP
 C = Spawn XP percentage of total XP
 D = Spawn monster count
 E = Non-spawn monster count
 F = Spawn count percentage of total count
 G = Total turns spent on level
                    A         B        C        D         E        F      G
               +---------+---------+-------+---------+---------+-------+---------
         Total |       0 |     388 |   0.0 |       0 |      88 |   0.0 |  3099
               +---------+---------+-------+---------+---------+-------+---------
           D:1 |       0 |      43 |   0.0 |       0 |      28 |   0.0 |  1136
           D:2 |       0 |     135 |   0.0 |       0 |      31 |   0.0 |  1376
           D:3 |       0 |     210 |   0.0 |       0 |      29 |   0.0 |   587
               +---------+---------+-------+---------+---------+-------+---------
